 Dungeon Crawl Stone Soup version 0.17.0-9-g801d43b (webtiles) character file.

519 Avanven the Chopper (level 7, 0/57 HPs)
             Began as a Minotaur Berserker on Nov 10, 2015.
             Was a Priest of Trog.
             Splashed by a jelly's acid (9 damage)
             ... on level 5 of the Dungeon.
             The game lasted 00:09:35 (2834 turns).

Avanven the Chopper (Minotaur Berserker)            Turns: 2834, Time: 00:09:36

Health: 0/57       AC:  0    Str: 23    XL:     7   Next: 1%
Magic:  6/6        EV: 10    Int:  4    God:    Trog [***...]
Gold:   213        SH:  0    Dex: 10    Spells: 0 memorised, 6 levels left

rFire  . . .     SeeInvis .     p - +1 whip (venom)
rCold  . . .     Clarity  .     C - +0 scale mail
rNeg   . . .     SustAt   .     (no shield)
rPois  .         Gourm    .     (helmet restricted)
rElec  .         Spirit   .     (no cloak)
rCorr  .         Warding  .     (no gloves)
rMut   .         Stasis   .     m - +0 pair of boots
MR     .....                    (no amulet)
Stlth  ..........               (no ring)
                                (no ring)

@: corroded equipment, not resistant to hostile enchantments, extremely
unstealthy
A: retaliatory headbutt, horns 2
a: Berserk, Trog's Hand, Burn Spellbooks, Renounce Religion


You were on level 5 of the Dungeon.
You worshipped Trog.
Trog was most pleased with you.
You were not hungry.

You visited 1 branch of the dungeon, and saw 5 of its levels.

You collected 213 gold pieces.

Inventory:

Hand Weapons
 a - a +0 hand axe
 e - the +7 rapier "Teosel" {antimagic, +Rage rC+ Dex+4}
   (You found it on level 4 of the Dungeon)

   It disrupts the flow of magical energy around spellcasters and certain
   magical creatures (including the wielder).
   It affects your dexterity (+4).
   It protects you from cold.
   It lets you go berserk.
 p - a +1 whip of venom (weapon)
Missiles
 y - 2 throwing nets (quivered)
Armour
 b - a +0 animal skin
 m - a +0 pair of boots (worn)
 w - a +0 robe
 C - a +0 scale mail (worn)
Wands
 x - a wand of random effects (32)
Scrolls
 k - a scroll of remove curse
 n - 2 scrolls of identify
 o - a scroll of fear {unknown}
 q - 2 scrolls of recharging {unknown}
 r - a scroll of fog {unknown}
 u - 3 scrolls of blinking {unknown}
Potions
 f - 3 potions of flight {unknown}
 i - a potion of curing {unknown}
 l - 2 potions of agility {unknown}
 t - a potion of ambrosia {unknown}
 v - a potion of poison {unknown}
 z - a potion of mutation {unknown}
 A - a potion of haste {unknown}
Books
 h - a book of Fire

   Spells                             Type                      Level
   a - Ignite Poison                  Fire/Transmutation/Poison    3
   b - Fireball                       Conjuration/Fire             5
   c - Bolt of Fire                   Conjuration/Fire             6
   d - Delayed Fireball               Conjuration/Fire             7
   e - Ring of Flames                 Charms/Fire                  7
   Trog disapproves of the use of such an item.
Comestibles
 c - 4 bread rations
 d - 3 meat rations
 g - 5 fruits
 j - 2 chunks of flesh
 s - 2 beef jerkies
 B - a slice of pizza


   Skills:
 - Level 3.6 Fighting
 - Level 7.0(8.1) Axes
 * Level 6.3(7.8) Maces & Flails
 - Level 2.4 Armour
 - Level 2.1 Dodging


You had 6 spell levels left.
You didn't know any spells.

Dungeon Overview and Level Annotations

Branches:
Dungeon (5/15)
 Temple: D:4-7

Altars:
Dithmenos
Fedhas
Nemelex Xobeh
Qazlal
Ru
Yredelemnul


Innate Abilities, Weirdness & Mutations

You reflexively headbutt those who attack you in melee.
You have a pair of horns on your head.


Message History

The acid burns!
Your scale mail prevents you from hitting the jelly.
The jelly is moderately wounded.
The jelly misses you.
You hit the jelly but do no damage.
Your hands burn!
The jelly is moderately wounded.
You hit the jelly.
Your hands burn!
The jelly is heavily wounded.
The jelly hits you.
You are splashed with acid!
The acid burns!
You hit the jelly but do no damage.
Your hands burn!
The jelly is heavily wounded.
The jelly hits you.
You are splashed with acid!
The acid burns!
* * * LOW HITPOINT WARNING * * *
You hit the jelly.
Your hands burn!
* * * LOW HITPOINT WARNING * * *
The jelly is heavily wounded.
The jelly hits you.
* * * LOW HITPOINT WARNING * * *
You are splashed with acid!
The acid burns!
You die...

#......########
#.#....<.......
#.#.###########
#.......#
###.###.#######...
#.# #...........
#.# ####.#####..
#.# #........ #..
#@######. #.# #J#
### #Y#
#........Y..
.......#.......
...$J.. .......
....... .......
####.$. .......
#... #######


You could see a sky beast and a jelly.

Vanquished Creatures
  2 ogres (D:4)
  2 scorpions
  2 hounds (D:4)
  Jessica (D:3)
  2 worker ants (D:4)
  A hound skeleton (D:4)
  3 adders
  2 oozes
  An adder skeleton (D:4)
  A worm (D:3)
  A giant gecko (D:3)
  8 orcs
  2 giant cockroaches
  4 hobgoblins
  10 jackals
  6 bats
  A giant gecko skeleton (D:4)
  8 giant newts
  2 goblins
  2 kobolds (D:2)
  4 quokkas (D:4)
  6 rats
71 creatures vanquished.

Notes
Turn   | Place    | Note
--------------------------------------------------------------
     0 | D:1      | Avanven the Minotaur Berserker began the quest for the Orb.
     0 | D:1      | Reached XP level 1. HP: 19/19 MP: 0/0
    99 | D:1      | Reached skill level 4 in Axes
   106 | D:1      | Reached XP level 2. HP: 21/26 MP: 1/1
   965 | D:2      | Reached ** piety under Trog
   965 | D:2      | Reached skill level 5 in Axes
   972 | D:2      | Reached XP level 3. HP: 23/31 MP: 2/2
   973 | D:2      | Found a sparkling altar of Nemelex Xobeh.
  1150 | D:3      | Found a shadowy altar of Dithmenos.
  1202 | D:3      | Found a sparkling altar of Nemelex Xobeh.
  1218 | D:3      | Noticed a scorpion
  1223 | D:3      | Killed a scorpion
  1223 | D:3      | Reached skill level 6 in Axes
  1223 | D:3      | Reached XP level 4. HP: 30/39 MP: 3/3
  1397 | D:3      | Found a basalt altar of Yredelemnul.
  1469 | D:3      | Noticed Jessica
  1473 | D:3      | Killed Jessica
  1482 | D:3      | Found a stormy altar of Qazlal.
  1538 | D:3      | Reached XP level 5. HP: 33/45 MP: 4/4
  1692 | D:3      | Reached skill level 7 in Axes
  1699 | D:3      | Found a sacrificial altar of Ru.
  1938 | D:4      | Found a blossoming altar of Fedhas.
  2048 | D:4      | Reached skill level 1 in Maces & Flails
  2074 | D:4      | Got a faintly glowing rapier
  2075 | D:4      | Identified the +7 rapier "Teosel" {antimagic, +Rage rC+ Dex+4} (You found it on level 4 of the Dungeon)
  2156 | D:4      | Noticed an ogre
  2162 | D:4      | Killed an ogre
  2203 | D:4      | Reached XP level 6. HP: 41/51 MP: 5/5
  2364 | D:4      | Reached *** piety under Trog
  2366 | D:4      | Reached skill level 5 in Maces & Flails
  2644 | D:4      | Noticed an ogre
  2656 | D:4      | Killed an ogre
  2794 | D:4      | Reached XP level 7. HP: 52/57 MP: 6/6
  2805 | D:5      | Entered Level 5 of the Dungeon
  2834 | D:5      | Splashed by a jelly's acid

Action                   |  1- 3 |  4- 6 |  7- 9 || total
-------------------------+-------+-------+-------++-------
Melee: Hand axe          |    43 |    22 |       ||    65
       Whip              |       |    63 |     7 ||    70
Invok: Berserk           |       |     2 |       ||     2
  Use: Scroll            |       |     6 |       ||     6
  Eat: Chunk             |     1 |     7 |       ||     8
